 Dungeon Crawl Stone Soup version 0.29.1-13-g9f3cf754e1 (webtiles) character file.

Game seed: 10177842899827064419

52 DildoBatman the Conjurer (level 4, -2/31 (32) HPs)
             Began as a Formicid Conjurer on Jan 23, 2023.
             Slain by an orc
             ... wielding a +0 mace
              (4 damage)
             ... on level 2 of the Dungeon.
             The game lasted 00:03:05 (1069 turns).

DildoBatman the Conjurer (Formicid Conjurer)        Turns: 1069, Time: 00:03:06

HP:   -2/31 (32)    AC:  2    Str: 12    XL:     4   Next: 8%
MP:   6/8           EV:  9    Int: 19    God:
Gold: 86            SH:  0    Dex: 12    Spells: 5/8 levels left

rFire   . . .      SeeInvis +   a - +0 sling
rCold   . . .      Faith    .   (no shield)
rNeg    . . .      Spirit   .   d - +0 robe
rPois   .          Reflect  .   (helmet unavailable)
rElec   .          Harm     .   (no cloak)
rCorr   .          Rampage  .   (no gloves)
Will    ++...                   (no boots)
Stlth   ++........              (no amulet)
HPRegen 0.10/turn               p - ring of willpower
MPRegen 0.11/turn               r - ring of willpower

@: constricted, lightly drained
A: permanent stasis, dig shafts and tunnels, antennae 3, four strong arms
a: Dig, Shaft Self


You were on level 2 of the Dungeon.
You visited 1 branch of the dungeon, and saw 3 of its levels.

You collected 86 gold pieces.

Inventory:

Hand Weapons
 a - a +0 sling (weapon)
 b - a +1 vampiric short sword
 e - a +0 dagger
 g - a +0 quarterstaff
 s - a +0 dagger of protection
Armour
 d - a +0 robe (worn)
Jewellery
 p - a ring of willpower (left hand)
 r - a ring of willpower (right hand)
Scrolls
 f - a scroll of vulnerability {unknown}
 l - a scroll of blinking {unknown}
 o - a scroll of acquirement {unknown}
 q - a scroll of teleportation {unknown}
Potions
 c - a potion of magic
 h - 2 potions of curing {unknown}
 i - a potion of mutation {unknown}
 j - a potion of heal wounds {unknown}
 k - a potion of berserk rage {unknown}
 m - a potion of invisibility {unknown}
 n - a potion of ambrosia {unknown}


   Skills:
 * Level 1.5 Fighting
 * Level 1.3 Armour
 - Level 2.0 Dodging
 - Level 2.4 Stealth
 * Level 2.8 Spellcasting
 * Level 4.0 Conjurations


You had 5 spell levels left.
You knew the following spells:

 Your Spells              Type           Power      Damage    Failure   Level
a - Searing Ray           Conj           34%        2d5       4%          2
c - Magic Dart            Conj           68%        1d6       3%          1

Your spell library contained the following spells:

 Spells                   Type           Power      Damage    Failure   Level
 Beastly Appendage        Tmut           4%         N/A       16%         1
 Freeze                   Ice            8%         1d3       16%         1
 Dazzling Flash           Conj/Hex       20%        N/A       21%         3
 Wereblood                Tmut           2%         N/A       24%         2
 Frozen Ramparts          Ice            4%         1d1       43%         3
 Spider Form              Tmut/Pois      2%         N/A       43%         3
 Fulminant Prism          Conj/Hex       5%         3d7       56%         4
 Hailstorm                Conj/Ice       10%        3d5       56%         4
 Iskenderun's Mystic Bla  Conj/Tloc      10%        2d4       56%         4


Dungeon Overview and Level Annotations

Branches:
Dungeon (3/15)

Altars:
Vehumet

Shops:
D:3 (


Innate Abilities, Weirdness & Mutations

You cannot be hasted, slowed, berserked, paralysed or teleported.
You can dig through walls and to a lower floor.
You have a pair of large antennae on your head. (SInv)
Your four strong arms can wield two-handed weapons with a shield.


Message History

Anything else - Cancel.
You shout for attention!
The kobold hits you with a +0 short sword.
The ball python misses you. The ball python grabs you.
The ball python constricts you. What are your orders? t - Shout!
Orders for allies: a - Attack new target. r - Retreat! s - Stop attacking. g - Guard the area. f - Follow me.
Anything else - Cancel.
You shout for attention!
The ball python bites you but does no damage.
The ball python constricts you.
The kobold hits you with a +0 short sword.
The orc hits you with a +0 mace. What are your orders? t - Shout!
Orders for allies: a - Attack new target. r - Retreat! s - Stop attacking. g - Guard the area. f - Follow me.
Anything else - Cancel.
You shout for attention!
The ball python bites you but does no damage.
The ball python constricts you. The kobold closely misses you.
The orc hits you with a +0 mace. What are your orders? t - Shout!
Orders for allies: a - Attack new target. r - Retreat! s - Stop attacking. g - Guard the area. f - Follow me.
Anything else - Cancel.
You shout for attention!
The ball python barely misses you. The ball python constricts you.
The kobold completely misses you. The orc hits you with a +0 mace.
You die...

..##........#.##.#†
............#.##.#.
.. #........#)##.#.
#. #........#......
#.###.......#..#.#.
#.#...#............
#.#...##....#....#.
{
#.#...#####.##.###.
#.@K..'.†......# #.
{{#o#S..#####.####
#. #.#.#.........
.. #.#.#.....#####
### {..#.#........
# ##....#.....# #
..#.#.#.#.#
##.#.#.#.# # #+#.#
#


You could see an orc, a ball python and a kobold.

Vanquished Creatures
  An adder (D:2)
  A worm (D:2)
  A dart slug (D:2)
  An orc (D:3)
  5 ball pythons
  An endoplasm (D:1)
  2 giant cockroaches (D:1)
  6 goblins
  4 hobgoblins
  5 bats
  3 frilled lizards
  3 kobolds
  3 rats
36 creatures vanquished.

Notes
Turn   | Place    | Note
-------+----------+-------------------------------------------
     0 | D:1      | DildoBatman the Formicid Conjurer began the quest for the
                  | Orb.
     0 | D:1      | Reached XP level 1. HP: 13/13 MP: 3/3
   154 | D:1      | Reached XP level 2. HP: 20/20 MP: 3/5
   162 | D:1      | Learned a level 2 spell: Searing Ray
   649 | D:2      | Found a radiant altar of Vehumet.
   665 | D:2      | Reached skill level 1 in Fighting
   695 | D:2      | You fall into a shaft and drop 1 floor!
   708 | D:3      | Reached XP level 3. HP: 25/26 MP: 6/6
   785 | D:3      | Reached skill level 1 in Armour
   790 | D:3      | Found Nakatt's Antique Weapon Emporium.
  1053 | D:2      | Reached skill level 4 in Conjurations
  1053 | D:2      | Reached XP level 4. HP: 30/32 MP: 4/8
  1069 | D:2      | Slain by an orc

Illustrated notes

Levels and vault maps discovered:
D:1:      dpeg_arrival_central, layout_basic, hangedman_abyss_or_decor_stabs,
          serial_park_tiny_1
D:2:      cheibrodos_pilgrimage, layout_basic, basic_altar
D:3:      layout_loops_ring, nicolae_overflow_hidden_temple, serial_shops,
          shop_fountains

Skill      XL: |  1  2  3 |
---------------+----------+-----
Dodging        | 2 |  2.0
Fighting       | 1 |  1.5
Armour         | 1 |  1.3
Conjurations   | 4 |  4.0
Stealth        | |  2.4
Spellcasting   | |  2.8

Action                   |  1- 3 |  4- 6 || total
-------------------------+-------+-------++-------
Melee: Quarterstaff      |     1 |       ||     1
       Short sword       |    23 |       ||    23
       Punch             |     1 |       ||     1
 Fire: Sling             |    60 |       ||    60
 Cast: Magic Dart        |    13 |       ||    13
       Searing Ray       |     4 |       ||     4
 Abil: Dig               |       |     1 ||     1
Armor: Robe              |    10 |     3 ||    13
Dodge: Dodged            |    28 |     5 ||    33
